 Dungeon Crawl Stone Soup version 0.31.0-11-ge490571c62 (webtiles) character file.

Game seed: 7930752646536543433

22 qw the Shooter (level 2, 0/14 HPs)
             Began as a Spriggan Hunter on Feb 4, 2024.
             Slain by a goblin
             ... wielding a +0 club
             ... led by Robin
              (2 damage)
             ... on level 2 of the Dungeon.
             The game lasted 00:00:03 (818 turns).

qw the Shooter (Spriggan Hunter)                     Turns: 818, Time: 00:00:03

Health: 0/14       AC:  2    Str:  7    XL:     2   Next: 68%
Magic:  3/3        EV: 19    Int: 10    God:
Gold:   81         SH:  0    Dex: 18    Spells: 1/1 levels left

rFire   . . .        a - +1 shortbow
rCold   . . .        (shield currently unavailable)
rNeg    + . .        c - +0 robe
rPois   .            (helmet restricted)
rElec   .            (no cloak)
rCorr   .            (gloves unavailable)
SInv    +            (boots unavailable)
Will    .....        (no amulet)
Stlth   ++           i - ring of positive energy
HPRegen 0.22/turn    (no ring)
MPRegen 0.08/turn

%: no passive effects
@: very quick
A: very small, no large weapons, unfitting armour, see invisible, speed 3
a: no special abilities


You were on level 2 of the Dungeon.
You visited 1 branch of the dungeon, and saw 2 of its levels.

You collected 81 gold pieces.


Innate Abilities, Weirdness & Mutations

You are very small and have problems with some larger weapons.
You are too small for most types of armour.
You have supernaturally acute eyesight. (SInv)
You cover ground extremely quickly. (Speed+++)


   Skills:
 - Level 1.5 Fighting
 + Level 4.2 Ranged Weapons
 - Level 4.0 Dodging
 - Level 1.5 Stealth


You had one spell level left.
You didn't know any spells.
Your spell library was empty.

Inventory:

Hand Weapons
 a - a +1 shortbow (weapon)
Armour
 c - a +0 robe (worn)
Jewellery
 i - a ring of positive energy (left hand)
Scrolls
 b - a scroll of enchant armour {unknown}
 d - a scroll of immolation {unknown}
 e - a scroll of identify
Potions
 f - a potion of might
 g - a potion of cancellation {unknown}
 h - a potion of curing

Dungeon Overview and Level Annotations

Branches:
Dungeon (2/15)

Altars:
Xom

Annotations:
D:2 Robin


Message History

Enter note:
Enter note:
Enter note:
810 ||| RETREEEEATING.
You shoot an arrow. The arrow hits the goblin.
You kill the goblin!
You shoot an arrow. The arrow hits the goblin!
You kill the goblin!
A goblin comes into view. It is wielding a +0 dagger.
You shoot an arrow. The arrow barely misses Robin.
Robin throws the goblin at you! The goblin closely misses you.
The goblin hits you with a +0 club.
You shoot an arrow. The arrow hits the goblin!
You kill the goblin!
A goblin comes into view. It is wielding a +0 club.
You shoot an arrow. The arrow hits Robin!
Robin is severely wounded.
The goblin closely misses you.
Robin hits you with a +3 dagger of speed.
You shoot an arrow. The arrow barely misses Robin.
Robin hits you with a +3 dagger of speed.
The goblin misses you.
A goblin comes into view. It is wielding a +0 dagger.
Robin hits you with a +3 dagger of speed.
Enter note:
Enter note:
816 ||| RETREEEEATING.
You shoot an arrow. The arrow closely misses Robin.
Robin closely misses you. The goblin barely misses you.
Robin flexes a bicep menacingly.
Robin completely misses you.
You shoot an arrow.
The arrow hits Robin but does no damage.
Robin is severely wounded.
The goblin hits you with a +0 dagger. Robin throws the goblin at you!
The goblin closely misses you. The goblin barely misses you.
You shoot an arrow. The arrow hits Robin.
Robin is almost dead.
Robin roars a battlecry!
The goblin goes into a battle-frenzy!
The goblin closely misses you. The goblin hits you with a +0 club.
You die...

# ####.### #$ #......#
#.##.##.#.#############
#.......#...(.........#
#.......#############.#
#.##.##.# #...
#.......# #..#
#.##.#g.# #..# # #
#@)########## #..)
#..).gg...#......# #.##
#.####.##.#......###.##
#)##.#.......##...
..##.#.......###..
.###.#.......# #.# .
#.#.......# #.# #.
##.#.#####.# #.#
#..........# #.#


You could see Robin and 2 goblins.

Vanquished Creatures
  2 bats (D:2)
  An endoplasm (D:2)
  8 goblins
  2 hobgoblins (D:2)
  A kobold (D:2)
  A quokka (D:2)
  2 ball pythons
  A rat (D:2)
18 creatures vanquished.

Notes
Turn   | Place    | Note
-------+----------+-------------------------------------------
     0 | D:1      | qw the Spriggan Hunter began the quest for the Orb.
     0 | D:1      | Reached XP level 1. HP: 10/10 MP: 2/2
     0 | D:1      | 0 ||| qw: Version: 0.3-a-160-g6735b56
     0 | D:1      | 0 ||| qw: Game counter: 4646
     0 | D:1      | 0 ||| qw: Melee chars always use a shield: true
     0 | D:1      | 0 ||| qw: God list: Okawaru
     0 | D:1      | 0 ||| qw: Allow faded altars: false
     0 | D:1      | 0 ||| qw: Do Orc after clearing Dungeon:15 true
     0 | D:1      | 0 ||| qw: Do second Lair branch before Depths: true
     0 | D:1      | 0 ||| qw: Lair rune preference: random
     0 | D:1      | 0 ||| qw: Goals: Normal
     0 | D:1      | 0 ||| PLANNING D:1-11
   119 | D:1      | Reached skill level 3 in Dodging
   498 | D:1      | 498 ||| UPGRADING to ring of positive energy.
   499 | D:1      | 499 ||| READING scroll labelled TOLIROGHAH.
   499 | D:1      | 499 ||| ENCHANTING +0 shortbow.
   500 | D:1      | 500 ||| READING 4 scrolls labelled INLONI ASHRID.
   500 | D:1      | 500 ||| IDENTIFYING inky potion
   501 | D:1      | 501 ||| READING 3 scrolls of identify.
   501 | D:1      | 501 ||| IDENTIFYING bubbling purple potion
   502 | D:1      | 502 ||| READING 2 scrolls of identify.
   502 | D:1      | 502 ||| IDENTIFYING white potion
   503 | D:1      | 503 ||| DROPPING scroll of butterflies.
   504 | D:1      | 504 ||| DROPPING potion of invisibility.
   681 | D:2      | Reached XP level 2. HP: 14/14 MP: 3/3
   772 | D:2      | Found a shimmering altar of Xom.
   804 | D:2      | Noticed Robin
   810 | D:2      | 810 ||| RETREEEEATING.
   815 | D:2      | HP: 2/14 [Robin/+3 dagger of speed (3)]
   816 | D:2      | 816 ||| RETREEEEATING.
   818 | D:2      | Slain by a goblin

Levels and vault maps discovered:
D:1:      lemuel_arrival_muddy, layout_rooms, serial_bayou_lagoon_b
D:2:      layout_loops_cross, basic_altar, st_stairs_2, minmay_puff, uniq_robin

Skill      XL: |  1  2 |
---------------+-------+-----
Dodging        | 3 4 |  4.0
Fighting       | |  1.5
Ranged Weapons | |  4.2
Stealth        | |  1.5

Action                     || total
---------------------------++-------
   Fire: Shortbow          ||    47
    Use: Scroll            ||     4
 Armour: Robe              ||    13
  Dodge: Dodged            ||    19

Table legend:
 A = Non-vault XP
 B = Vault XP
 C = Vault XP percentage of total XP
 D = Non-vault monster count
 E = Vault monster count
 F = Vault count percentage of total count
                 A         B        C        D         E       F
            +---------+---------+-------+---------+---------+-------
      Total |      20 |      12 |  37.5 |      11 |       7 |  38.9
            +---------+---------+-------+---------+---------+-------
        D:1 |       5 |       0 |   0.0 |       3 |       0 |   0.0
        D:2 |      15 |      12 |  44.4 |       8 |       7 |  46.7
            +---------+---------+-------+---------+---------+-------
